 Dungeon Crawl Stone Soup version 0.29.1-13-g9f3cf754e1 (webtiles) character file.

Game seed: 16896302656361594004

44 cdecastro the Sneak (level 3, -1/16 HPs)
             Began as a Vine Stalker Enchanter on Jan 29, 2023.
             Slain by Grinder (4 damage)
             ... while paralysed by Grinder
             ... on level 3 of the Dungeon.
             The game lasted 00:02:10 (1529 turns).

cdecastro the Sneak (Vine Stalker Enchanter)        Turns: 1529, Time: 00:02:11

Health: -1/16      AC:  4    Str: 10    XL:     3   Next: 60%
Magic:  0/7        EV:  2    Int: 15    God:
Gold:   53         SH:  0    Dex: 16    Spells: 1/6 levels left

rFire   . . .      SeeInvis .   q - +1 dagger (holy)
rCold   . . .      Faith    .   (no shield)
rNeg    . . .      Spirit   +   b - +0 robe
rPois   .          Reflect  .   t - +0 helmet
rElec   .          Harm     .   (no cloak)
rCorr   .          Rampage  .   (no gloves)
Will    .....                   l - +0 pair of boots
Stlth   +++.......              (no amulet)
HPRegen 0.05/turn               (no ring)
MPRegen 0.10/turn               (no ring)

@: paralysed, invisible
A: fangs 2, magic shield, antimagic bite, no potion heal 2
a: no special abilities


You were on level 3 of the Dungeon.
You visited 1 branch of the dungeon, and saw 3 of its levels.

You collected 53 gold pieces.

Inventory:

Hand Weapons
 a - a +1 dagger
 q - a +1 dagger of holy wrath (weapon)
Armour
 b - a +0 robe (worn)
 l - a +0 pair of boots (worn)
 p - a +2 buckler
 t - a +0 helmet (worn)
Magical Staves
 f - a staff of air
Scrolls
 d - 3 scrolls of blinking {unknown}
 j - a scroll of identify {unknown}
 k - a scroll of magic mapping {unknown}
 r - a scroll of fear {unknown}
Potions
 c - a potion of invisibility
 e - a potion of cancellation {unknown}
 g - a potion of curing {unknown}
 h - a potion of might {unknown}
 i - a potion of resistance {unknown}
 m - a potion of haste {unknown}
 n - 2 potions of heal wounds {unknown}
 o - a potion of flight {unknown}
 s - a potion of lignification {unknown}


   Skills:
 * Level 2.5 Short Blades
 - Level 1.5 Dodging
 + Level 4.3 Stealth
 - Level 2.1 Spellcasting
 - Level 3.0 Hexes


You had one spell level left.
You knew the following spells:

 Your Spells              Type           Power      Damage    Failure   Level
a - Ensorcelled Hibernat  Hex/Ice        12%        N/A       19%         2
b - Confusing Touch       Hex            10%        N/A       19%         3

Your spell library contained the following spells:

 Spells                   Type           Power      Damage    Failure   Level
 Tukima's Dance           Hex            10%        N/A       19%         3
 Dazzling Flash           Conj/Hex       12%        N/A       34%         3
 Gell's Gravitas          Tloc           1%         N/A       54%         3
 Teleport Other           Tloc           1%         N/A       54%         3
 Dispersal                Tloc           0%         N/A       100%        6


Dungeon Overview and Level Annotations

Branches:
Dungeon (2/15)

Altars:

Annotations:
D:3 Grinder


Innate Abilities, Weirdness & Mutations

You have extremely sharp teeth.
When hurt, damage is shared between your health and your magic reserves.
Your bite disrupts and absorbs the magic of your enemies.
Potions cannot restore your health.


Message History

You see here a rat corpse.
An endoplasm comes into view.
The endoplasm quivers.
An endoplasm is nearby!
An endoplasm is nearby!
An endoplasm is nearby!
You hit the endoplasm.
The endoplasm is lightly wounded.
You hit the endoplasm. You bite the endoplasm.
You kill the endoplasm!
A sourceless malevolence fills the Dungeon...
You fall into a shaft and drop 1 floor!
The shaft crumbles and collapses.
Found 11 gold pieces.
You now have 53 gold pieces (gained 11).
Grinder comes into view.
Grinder gestures at you.
You suddenly lose the ability to move!
Grinder gestures at you.
You shrug off the repeated paralysis!
You can move again.
Unknown command.
Press: ? - help, v - describe, . - travel
Here: Grinder The floor.
You fade into invisibility!
You hit Grinder.
Grinder convulses.
Grinder is lightly wounded.
You hit Grinder.
Grinder convulses.
Your bite misses Grinder.
Grinder is lightly wounded.
Grinder gestures at you.
You suddenly lose the ability to move!
Grinder hits you!
You writhe in agony.
Grinder gestures at you. Pain shoots through your body!
* * * LOW HITPOINT WARNING * * *
Grinder hits you.
* * * LOW HITPOINT WARNING * * *
You writhe in agony.
You die...

#.#######.
####.........
#.......#
#.#####.#
########.# .#
.........# .#
########.# .#
#.#####5#
#.....@.#
#########


You could see Grinder (unable to see you).

Vanquished Creatures
  An adder (D:2)
  2 worms (D:2)
  2 bats (D:1)
  2 endoplasms
  2 giant cockroaches (D:1)
  4 goblins (D:1)
  2 hobgoblins (D:1)
  4 jackals (D:2)
  A kobold (D:2)
  A quokka (D:1)
  A ball python (D:1)
  4 rats
26 creatures vanquished.

Notes
Turn   | Place    | Note
-------+----------+-------------------------------------------
     0 | D:1      | cdecastro the Vine Stalker Enchanter began the quest for
                  | the Orb.
     0 | D:1      | Reached XP level 1. HP: 9/9 MP: 4/4
    85 | D:1      | Reached skill level 1 in Short Blades
   152 | D:1      | Reached XP level 2. HP: 13/13 MP: 6/6
   180 | D:1      | Reached skill level 4 in Stealth
  1050 | D:2      | Reached XP level 3. HP: 7/16 MP: 7/7
  1065 | D:2      | Learned a level 2 spell: Ensorcelled Hibernation
  1069 | D:2      | Learned a level 3 spell: Confusing Touch
  1504 | D:2      | You fall into a shaft and drop 1 floor!
  1521 | D:3      | Noticed Grinder
  1521 | D:3      | Paralysed by Grinder for 3 turns
  1526 | D:3      | Paralysed by Grinder for 3 turns
  1529 | D:3      | Slain by Grinder

Illustrated notes

Levels and vault maps discovered:
D:1:      lemuel_arrival_river_ford, layout_loops_ring
D:2:      layout_basic
D:3:      layout_loops_ring, minmay_cupped, uniq_grinder

Skill      XL: |  1  2 |
---------------+-------+-----
Short Blades   | 1 2 |  2.5
Stealth        | 4 |  4.3
Dodging        | |  1.5
Spellcasting   | |  2.1
Hexes          | |  3.0

Action                   || total
-------------------------++-------
Melee: Dagger            ||    67
       Bite              ||    11
  Use: Potion            ||     1
 Stab: Sleeping          ||     9
Armor: Robe              ||    12
Dodge: Dodged            ||    32
